Map: Romanticide LE

Players

PattyMac

  • Race: Protoss Protoss
  • League: Grandmaster
  • Spawn Location: 11:00

Astrea - Winner!

  • Race: Protoss Protoss
  • League: Master
  • Spawn Location: 5:00

Event: DreamHack SC2 Masters 2020 Winter

VOD

Have the link to the VOD?

Description

Time

  • Played on: Oct. 29, 2020, 5:22 p.m.
  • Length: 7:03

All games in this series

Show
View Real Time Build Order
Export as new Build Order

PattyMac Protoss 

Build Orders:  

Get SALT Encoding   

  12  0:00  Probe  
  13  0:12  Probe  
  14  0:17  Pylon  
  14  0:24  Probe (Chrono Boost)  
  16  0:37  Gateway, Probe (Chrono Boost)  
  16  0:42  Probe (Chrono Boost)  
  16  0:45  Assimilator  
  17  0:52  Probe (Chrono Boost)  
  17  0:54  Assimilator  
  18  1:04  Probe (Chrono Boost)  
  18  1:09  Gateway  
  19  1:13  Probe (Chrono Boost)  
  20  1:18  Probe  
  20  1:24  Cybernetics Core  
  21  1:31  Probe  
  22  1:37  Pylon  
  22  1:44  Probe  
  23  2:00  Robotics Facility  
  23  2:02  Stalker  
  23  2:03  Stalker  
  27  2:10  Warp Gate  
  27  2:13  Pylon  
  27  2:43  Stalker x2  
  31  2:44  Immortal (Chrono Boost)  
  35  2:56  Shield Battery  
  35  2:58  Gateway  
  33  3:16  Warp Prism (Chrono Boost)  
  29  3:50  Immortal  
  33  3:59  Stalker x3  
  39  4:03  Pylon  
  39  4:22  Stalker x2  
  43  4:25  Sentry  
  37  4:50  Stalker x3  
  33  5:08  Warp Prism (Chrono Boost)  
  33  5:15  Stalker x2  
  33  5:21  Adept  
  38  5:38  Stalker  
  38  5:42  Stalker  
  42  5:46  Stalker  
  40  5:50  Probe  
  37  6:13  Stalker  
  37  6:15  Stalker  
  37  6:16  Sentry  
  43  6:25  Probe  
  35  6:41  Zealot x3  
Show
View Real Time Build Order
Export as new Build Order

Astrea Protoss - Winner!

Build Orders: Proxy Void Ray 

Get SALT Encoding   

  12  0:00  Probe  
  13  0:12  Probe  
  14  0:17  Pylon  
  14  0:24  Probe (Chrono Boost)  
  15  0:36  Gateway, Probe (Chrono Boost)  
  16  0:44  Probe (Chrono Boost)  
  16  0:46  Assimilator  
  17  0:51  Probe  
  17  0:53  Assimilator  
  18  1:03  Probe (Chrono Boost)  
  19  1:10  Pylon  
  20  1:12  Probe (Chrono Boost)  
  20  1:17  Probe (Chrono Boost)  
  20  1:24  Cybernetics Core  
  21  1:29  Probe  
  22  1:41  Probe  
  23  1:53  Probe  
  24  2:00  Stalker (Chrono Boost), Warp Gate  
  26  2:05  Probe  
  26  2:06  Stargate  
  27  2:10  Pylon  
  27  2:17  Probe  
  27  2:21  Stalker (Chrono Boost)  
  28  2:29  Gateway  
  30  2:33  Pylon  
  30  2:48  Void Ray (Chrono Boost)  
  30  2:49  Stalker  
  36  3:00  Pylon  
  34  3:13  Gateway  
  34  3:18  Shield Battery  
  34  3:20  Void Ray (Chrono Boost)  
  36  3:35  Shield Battery  
  36  3:39  Shield Battery  
  34  3:50  Pylon  
  34  3:52  Void Ray (Chrono Boost)  
  34  3:59  Zealot x2  
  42  4:21  Zealot x2, Sentry  
  42  4:22  Pylon  
  48  4:39  Void Ray  
  48  4:42  Zealot x2  
  52  4:51  Zealot  
  50  5:03  Stalker  
  48  5:17  Adept x2  
  48  5:19  Void Ray (Chrono Boost)  
  56  5:32  Shield Battery  
  56  5:50  Void Ray (Chrono Boost)  
  52  6:13  Zealot x3  
  58  6:22  Void Ray (Chrono Boost)  
  57  6:28  Pylon  
  57  6:31  Pylon  
  57  6:47  Zealot x3  
Tags
 
Add a new tag
Caveats
  • Supply blocks, unpowered buildings, or Contaminate may cause inaccurate times.
  • Supply counts are checked every 10 seconds.